 Dungeon Crawl Stone Soup version 0.29-a0-338-g1ff7896281 (webtiles) character file.

Game seed: 5994436412735810968

458 Dauddaud the Cleaver (level 6, -1/51 HPs)
             Began as a Minotaur Berserker on Apr 19, 2022.
             Was a Believer of Trog.
             Slain by a wight
             ... wielding a +0 short sword
              (3 damage)
             ... on level 3 of the Dungeon.
             The game lasted 00:04:27 (2330 turns).

Dauddaud the Cleaver (Minotaur Berserker)           Turns: 2330, Time: 00:04:27

Health: -1/51      AC: 12    Str: 24    XL:     6   Next: 77%
Magic:  5/5        EV:  7    Int:  4    God:    Trog [**....]
Gold:   198        SH:  0    Dex:  9    Spells: 5/5 levels left

rFire   + . .      SeeInvis .   q - +0 hand axe (elec)
rCold   x . .      Faith    .   (no shield)
rNeg    . . .      Spirit   .   l - +0 plate armour
rPois   .          Reflect  .   (helmet restricted)
rElec   .          Harm     .   m - +0 cloak
rCorr   .          Rampage  .   (no gloves)
Will    ++...                   (no boots)
Stlth   ..........              c - amulet of regeneration
HPRegen 1.97/turn               o - ring of fire
MPRegen 0.09/turn               (no ring)

@: lethally poisoned (-1 -> -2), about to teleport, strong-willed, on berserk
cooldown, regenerating, slowed, very slow
A: horns 2, retaliatory headbutt
a: Renounce Religion, Berserk, Trog's Hand


You were on level 3 of the Dungeon.
You worshipped Trog.
Trog was pleased with you.
You visited 1 branch of the dungeon, and saw 3 of its levels.

You collected 198 gold pieces.

Inventory:

Hand Weapons
 a - a +0 hand axe
 q - a +0 hand axe of electrocution (weapon)
Armour
 b - a +0 animal skin
 i - a +0 scale mail
 l - a +0 plate armour (worn)
 m - a +0 cloak (worn)
Jewellery
 c - an amulet of regeneration (around neck)
 o - a ring of fire (left hand)
Scrolls
 f - 3 scrolls of identify {unknown}
 g - a scroll of silence {unknown}
 k - a scroll of teleportation
 p - a scroll of amnesia {unknown}
Potions
 d - a potion of berserk rage {unknown}
 e - a potion of invisibility {unknown}
 h - a potion of magic {unknown}
 j - a potion of brilliance {unknown}
 n - a potion of curing {unknown}


   Skills:
 - Level 3.6 Fighting
 + Level 9.3 Axes
 - Level 2.4 Armour
 - Level 2.1 Dodging


You had 5 spell levels left.
You didn't know any spells.
Your spell library was empty.

Dungeon Overview and Level Annotations

Branches:
Dungeon (3/15)

Altars:
Sif Muna

Shops:
D:1 (


Innate Abilities, Weirdness & Mutations

You have a pair of horns on your head.
You reflexively headbutt those who attack you in melee.


Message History

You destroy the wight!
Trog accepts your kill.
Your Axes skill increases to level 9!
Things that are here:
a +3 flail; a +0 robe of fire resistance You feel a strong urge to attack something.
A wight comes into view. It is wielding a +0 short sword.
The wight hits you with a +1 halberd of venom!
* * * LOW HITPOINT WARNING * * *
You are poisoned.
You barely miss the wight.
You feel sick. The wight closely misses you.
You slash the wight! Your headbutt misses the wight.
The wight is severely damaged.
You feel sick.
You barely miss the wight.
The wight is severely damaged.
You are no longer berserk.
You are exhausted.
You feel yourself slow down.
You feel sick. The wight barely misses you. You furiously retaliate!
You headbutt the wight. You closely miss the wight.
The wight is almost destroyed.
You feel sick. The wight hits you but does no damage.
You are lethally poisoned!
You hit the wight.
You destroy the wight!
Trog accepts your kill.
* * * LOW HITPOINT WARNING * * *
You feel very sick.
Your skin crawls.
You feel strong-willed.
* * * LOW HITPOINT WARNING * * *
You feel very sick. The wight hits you but does no damage.
Okay, then.
As you read the scroll labelled NAENUDDA DOMMO, it crumbles to dust.
You feel strangely unstable.
It was a scroll of teleportation.
You feel very sick.
The wight hits you with a +0 short sword.
You die...

####...#.#...).....# #....
.......#.#.........# #....
.......+.#.†.†.##############....
.......###.)##.#..........†.'....
.......# #..##.#.############....
...>...# #..##.#)# ##...
.......###..##.#)# #...
####...........#.# #...
#.......##..####@# ####
#...<...##..####z#
#.......#.....##.#
#.......#.....##.#
#.......#.....##.#
........#......#.#
........#..†...#.#
...)....#......#.#
...).####.)))..#


You could see a wight.

Vanquished Creatures
  An ogre (D:3)
  4 wights (D:3)
  A howler monkey (D:3)
  Crazy Yiuf (D:2)
  An iguana (D:3)
  2 adders (D:2)
  A worm (D:2)
  6 orcs (D:3)
  7 endoplasms
  5 giant cockroaches
  2 goblins
  6 hobgoblins
  5 ball pythons
  5 bats
  A frilled lizard (D:3)
  6 kobolds
  4 rats
58 creatures vanquished.

Notes
Turn   | Place    | Note
-------+----------+-------------------------------------------
     0 | D:1      | Dauddaud the Minotaur Berserker began the quest for the
                  | Orb.
     0 | D:1      | Reached XP level 1. HP: 19/19 MP: 0/0
   194 | D:1      | Reached skill level 4 in Axes
   322 | D:1      | Found Amieb's Antique Weapon Shoppe.
   406 | D:1      | Found a faded altar of an unknown god.
   410 | D:1      | Reached XP level 2. HP: 26/26 MP: 1/1
   825 | D:2      | Reached ** piety under Trog
   828 | D:2      | Reached skill level 5 in Axes
   962 | D:2      | Reached XP level 3. HP: 20/31 MP: 2/2
  1421 | D:2      | Found a runed translucent door.
  1422 | D:2      | Noticed Crazy Yiuf
  1731 | D:2      | Killed Crazy Yiuf
  1732 | D:2      | Reached skill level 6 in Axes
  1732 | D:2      | Reached XP level 4. HP: 34/39 MP: 3/3
  1896 | D:3      | Noticed an ogre
  1905 | D:3      | Killed an ogre
  1906 | D:3      | Reached skill level 7 in Axes
  1906 | D:3      | Reached XP level 5. HP: 5/45 MP: 4/4
  1907 | D:3      | Reached skill level 8 in Axes
  2029 | D:3      | Found a shimmering blue altar of Sif Muna.
  2307 | D:3      | Reached XP level 6. HP: 46/51 MP: 5/5
  2321 | D:3      | Reached skill level 9 in Axes
  2329 | D:3      | HP: 2/51 [poisoned by a wight]
  2330 | D:3      | Slain by a wight

Illustrated notes

Levels and vault maps discovered:
D:1:      wander_arrival_desolate, layout_basic,
          hellmonk_ecumenical_altar_arch_garden, serial_shops,
          nicolae_diamond_shop
D:2:      layout_basic, uniq_crazy_yiuf_cottage
D:3:      layout_basic, amcnicky_altar_gilded, chequers_mini_garden,
          grunt_ministairs_8

Skill      XL: |  1  2  3  4  5  6 |
---------------+-------------------+-----
Axes           | 4 5 6 7 8 9 |  9.3
Fighting       | |  3.6
Armour         | |  2.4
Dodging        | |  2.1

Action                   |  1- 3 |  4- 6 || total
-------------------------+-------+-------++-------
Melee: Hand axe          |    85 |    75 ||   160
       Headbutt          |    13 |    15 ||    28
       Punch             |       |     2 ||     2
Invok: Berserk           |       |     2 ||     2
       Trog's Hand       |       |     1 ||     1
  Use: Scroll            |       |     1 ||     1
Armor: Animal skin       |     4 |       ||     4
       Scale mail        |    16 |       ||    16
       Plate armour      |    13 |    26 ||    39
Dodge: Dodged            |    44 |    27 ||    71

Table legend: (Time is in decaauts)
 A = Elapsed time spent in this place.
 B = Non-inter-level travel time spent in this place.
 C = Inter-level travel time spent in this place.
 D = Time resting spent in this place.
 E = Time spent auto-exploring this place.
 F = Levels seen in this place.
 G = Mean time per level.
                   A        B        C        D        E       F      G
               +--------+--------+--------+--------+--------+-----+--------+
         Total |   2334 |   2280 |     54 |     62 |   1824 |   3 |  778.0 |
       Dungeon |   2334 |   2280 |     54 |     62 |   1824 |   3 |  778.0 |
               +--------+--------+--------+--------+--------+-----+--------+

Top non-repeatable levels by time:
     D:2: 1151 daAuts
     D:1: 648 daAuts
     D:3: 535 daAuts
